 Dungeon Crawl Stone Soup version 0.21.1-1-g345015fe64 (console) character file.

315 Kloppie the Ruffian (level 6, -1/63 HPs)
             Began as a Troll Berserker on May 2, 2018.
             Was an Elder of Trog.
             Slain by a worker ant (4 damage)
             ... on level 4 of the Dungeon.
             The game lasted 00:03:38 (2277 turns).

Kloppie the Ruffian (Troll Berserker)               Turns: 2277, Time: 00:03:38

Health: -1/63      AC:  5    Str: 26    XL:     6   Next: 20%
Magic:  5/5        EV: 10    Int:  3    God:    Trog [****..]
Gold:   105        SH:  0    Dex: 11    Spells: 5/5 levels left

rFire    . . .     SeeInvis .     - Unarmed
rCold    . . .     Gourm    +   (no shield)
rNeg     . . .     Faith    .   a - +0 animal skin
rPois    +         Spirit   .   (helmet restricted)
rElec    .         Reflect  .   (no cloak)
rCorr    +         Harm     .   (gloves unavailable)
MR       .....                  (boots unavailable)
Stlth    +.........             (no amulet)
HPRegen  0.60/turn              k - ring of poison resistance
MPRegen  0.09/turn              p - ring of resist corrosion

@: no status effects
A: large, unfitting armour, claws 3, fast metabolism 3, gourmand, regeneration
1, shaggy fur 1, tough skin 2
a: Berserk, Trog's Hand, Brothers in Arms, Burn Spellbooks, Renounce Religion


You were on level 4 of the Dungeon.
You worshipped Trog.
Trog was greatly pleased with you.
You were very full.

You visited 1 branch of the dungeon, and saw 4 of its levels.

You collected 105 gold pieces.

Inventory:

Armour
 a - a +0 animal skin (worn)
Jewellery
 k - a ring of poison resistance (left claw)
 p - a ring of resist corrosion (right claw)
Scrolls
 d - 2 scrolls of amnesia {unknown}
 e - a scroll of teleportation {unknown}
 i - 2 scrolls of magic mapping {unknown}
 m - a scroll of noise {unknown}
 n - 3 scrolls of random uselessness {unknown}
 o - a scroll of fog {unknown}
Potions
 c - a potion of magic
 f - 2 potions of brilliance
 g - a potion of flight
 j - 3 potions of curing
 l - a potion of haste {unknown}
 q - a potion of agility
Comestibles
 b - 7 rations
 h - a chunk of flesh


   Skills:
 + Level 4.4 Fighting
 - Level 2.4 Dodging
 + Level 5.3 Unarmed Combat


You had 5 spell levels left.
You didn't know any spells.

Dungeon Overview and Level Annotations

Branches:
Dungeon (4/15)
 Temple: D:4-7

Altars:
Ashenzari
Makhleb
Qazlal


Innate Abilities, Weirdness & Mutations

You are too large for most types of armour.
You have claws for hands.
Your metabolism is lightning-fast.
You like to eat raw meat.
Your natural rate of healing is unusually fast.
You are covered in fur. (AC +1)
You have very tough skin. (AC +2)


Message History

The worker ant closely misses you. The ogre hits you with a giant club!
* * * LOW HITPOINT WARNING * * *
You claw the ogre!
The ogre is moderately wounded.
The worker ant bites you.
* * * LOW HITPOINT WARNING * * *
You claw the ogre!
The ogre is severely wounded.
The ogre hits you with a giant club!
* * * LOW HITPOINT WARNING * * *
The worker ant bites you.
* * * LOW HITPOINT WARNING * * *
You barely miss the ogre.
The ogre is severely wounded.
The worker ant bites you but does no damage.
The ogre barely misses you.
You barely miss the ogre.
The ogre is severely wounded.
The worker ant bites you.
You die...

.##.... <
.....#######
#.#..........#
...........#
..........#
#........#
#...a....#
#..@O....#
#.########
#...#
_.....†#.#
..##.#+#'###
#. #.#.....#
##. # #.....##
.. #......#
#.## ##.....##


You could see an ogre and a worker ant.

Vanquished Creatures
  A scorpion (D:4)
  2 orc priests (D:3)
  Jessica (D:2)
  An iguana (D:3)
  A worker ant zombie (D:3)
  A hound skeleton (D:3)
  An adder (D:3)
  An adder skeleton (D:4)
  A worm (D:2)
  2 dart slugs
  2 leopard geckos
  12 orcs
  9 bats
  5 giant cockroaches
  7 goblins
  12 hobgoblins
  14 jackals
  4 quokkas
  2 ball pythons
  2 frilled lizards
  9 kobolds
  5 rats
95 creatures vanquished.

Notes
Turn   | Place    | Note
-------+----------+-------------------------------------------
     0 | D:1      | Kloppie the Troll Berserker began the quest for the Orb.
     0 | D:1      | Reached XP level 1. HP: 22/22 MP: 0/0
   154 | D:1      | Reached XP level 2. HP: 29/29 MP: 1/1
   576 | D:1      | Reached ** piety under Trog
   576 | D:1      | Reached XP level 3. HP: 37/37 MP: 2/2
  1060 | D:2      | Noticed Jessica
  1068 | D:2      | Killed Jessica
  1068 | D:2      | Reached skill level 4 in Unarmed Combat
  1068 | D:2      | Reached XP level 4. HP: 39/45 MP: 3/3
  1342 | D:3      | Reached XP level 5. HP: 42/54 MP: 4/4
  1520 | D:3      | Reached *** piety under Trog
  1607 | D:3      | Found a faded altar of an unknown god.
  1881 | D:3      | Found a shattered altar of Ashenzari.
  1898 | D:3      | Reached skill level 5 in Unarmed Combat
  2027 | D:3      | Noticed an air elemental
  2028 | D:3      | Found a stormy altar of Qazlal.
  2031 | D:3      | Noticed a fire elemental
  2039 | D:3      | Noticed a water elemental
  2255 | D:4      | Found a burning altar of Makhleb.
  2265 | D:4      | Reached **** piety under Trog
  2265 | D:4      | Reached XP level 6. HP: 55/63 MP: 5/5
  2275 | D:4      | HP: 2/63 [worker ant (2)]
  2277 | D:4      | Slain by a worker ant

Skill      XL: |  1  2  3  4  5 |
---------------+----------------+-----
Fighting       | 3 4 |  4.4
Unarmed Combat | 4 5 |  5.3
Dodging        | |  2.4

Action                   |  1- 3 |  4- 6 || total
-------------------------+-------+-------++-------
Melee: Unarmed           |   109 |   165 ||   274
       Punch             |     1 |     6 ||     7
Invok: Berserk           |       |     1 ||     1
  Use: Scroll            |     4 |     1 ||     5
 Stab: Sleeping          |     1 |       ||     1
  Eat: Chunk             |    15 |    12 ||    27
Armor: Animal skin       |    40 |    83 ||   123
Dodge: Dodged            |    65 |   111 ||   176
